cohdb
Replays
Latest Replays
All Replays
Popular Replays
Top Player Replays
Match Explorer
How It Works
Community
CoH3 Stats
Reddit
Sign in to upload your games and track your stats! →
Sign in with Steam
Double Brit? No problem Comeback! 80 vps! almost
Match 11592981
Overview
Messages
Build Orders
End
Construct Infanterie Kompanie
Selects Mechanized Battlegroup
Grenadier Squad
Grenadier Squad
MG 42 Machine Gun Team
Construct Panzergrenadier Kompanie
Medical Station
Panzergrenadier Squad
Selects Raid Package
Panzergrenadier Squad
Support Elements
StuG III G Assault Gun
Selects 8 Rad Armored Car
Panzergrenadier Officer Quarters
Pioneer Squad
8 Rad Armored Car
Nebelwerfer 42 Rocket Launcher Team
Pak 40 Anti-tank Gun Team
Construct Panzer Kompanie
Selects Panther Heavy Tank
Panther Heavy Tank
Selects Spotting Scopes
Panther Heavy Tank
Pioneer Squad
Pioneer Squad
Selects Zeroing Artillery Barrage
Zeroing Artillery Barrage
Sturmpanzer IV Brummbär
Zeroing Artillery Barrage
Selects Wespe Self-propelled Artillery
Pioneer Squad
Zeroing Artillery Barrage
Pioneer Squad
Pioneer Squad
Wespe Self-propelled Artillery
Panther Heavy Tank
AI Takeover
PutPut - AusarTheVile
Dr. Jekyll
S KI D R O W #NoToAerePerennius
Rutra #NoToAerePerennius
0
0
Comments
sign in to comment!
No comments posted yet!